 Dungeon Crawl Stone Soup version 0.31-a0-803-g95b03c3367 (webtiles) character file.

Game seed: 5667756312882404019

4788 dohliylev the Thaumaturge (level 10, 0/63 HPs)
             Began as a Mummy Necromancer on Sept 20, 2023.
             Was a Believer of Sif Muna.
             Slain by a troll (12 damage)
             ... on level 9 of the Dungeon.
             The game lasted 00:57:33 (13015 turns).

dohliylev the Thaumaturge (Mummy Necromancer)      Turns: 13015, Time: 00:57:34

Health: 0/63       AC:  5    Str: 12    XL:     10   Next: 24%
Magic:  3/26       EV: 18    Int: 18    God:    Sif Muna [**....]
Gold:   460        SH:  0    Dex: 13    Spells: 8/33 levels left

rFire   x . .        k - +2 dagger (speed)
rCold   + + .        (no shield)
rNeg    + + +        s - +0 robe {Will+}
rPois   ∞            i - +0 helmet
rElec   .            (no cloak)
rCorr   .            e - +0 pair of gloves
SInv    .            f - +0 pair of boots
Will    ++...        o - amulet of regeneration
Stlth   ++           g - +5 ring of evasion
HPRegen 1.10/turn    j - ring of protection from cold
MPRegen 0.20/turn

%: faith
@: no status effects
A: cold resistance 1, negative energy resistance 3, torment resistance 2, heat
vulnerability 1, in touch with death 1, no potions, faith
a: Renounce Religion, Channel Magic


You were on level 9 of the Dungeon.
You worshipped Sif Muna.
Sif Muna was pleased with you.
You visited 1 branch of the dungeon, and saw 9 of its levels.
You also visited: Ossuary.

You collected 460 gold pieces.

Inventory:

Hand Weapons
 k - a +2 dagger of speed (weapon)
Missiles
 t - a throwing net
Armour
 e - a +0 pair of gloves (worn)
 f - a +0 pair of boots (worn)
 i - a +0 helmet (worn)
 s - a +0 robe of willpower (worn)
Jewellery
 g - a +5 ring of evasion (left hand)
 j - a ring of protection from cold (right hand)
 o - an amulet of regeneration (around neck)
Wands
 q - a wand of paralysis (7)
 u - a wand of flame (15)
Scrolls
 a - a scroll of noise {unknown}
 b - a scroll of silence {unknown}
 c - a scroll of immolation
 d - a scroll of teleportation
 h - 2 scrolls of vulnerability
 l - 2 scrolls of enchant armour
 m - 2 scrolls of fog
 n - 2 scrolls of revelation {unknown}
 p - 5 scrolls of amnesia {unknown}
 r - 5 scrolls of identify


   Skills:
 + Level 4.4 Dodging
 + Level 3.2 Stealth
 + Level 12.2 Spellcasting
 + Level 1.5 Summonings
 + Level 10.0 Necromancy
 + Level 1.2 Translocations


You had 8 spell levels left.
You knew the following spells:

 Your Spells              Type           Power      Damage    Failure   Level
a - Necrotise             Necr           100%       1d9       1%          1
b - Vampiric Draining     Necr           63%        2d10      1%          3
c - Animate Dead          Necr           63%        N/A       1%          4
d - Agony                 Necr           63%        N/A       2%          5
e - Gell's Gravitas       Tloc           15%        N/A       12%         3
f - Teleport Other        Tloc           15%        N/A       12%         3
g - Magic Dart            Conj           44%        1d5       6%          1
h - Call Imp              Summ           32%        N/A       4%          2
i - Mephitic Cloud        Conj/Pois/Air  10%        N/A       19%         3

Your spell library contained the following spells:

 Spells                   Type           Power      Damage    Failure   Level
 Freeze                   Ice            40%        1d6       6%          1
 Sting                    Tmut/Pois      40%        1d5       6%          1
 Lesser Beckoning         Tloc           30%        N/A       6%          2
 Anguish                  Hex/Necr       21%        N/A       8%          4
 Poisonous Vapours        Pois/Air       20%        N/A       10%         2
 Call Canine Familiar     Summ           16%        N/A       10%         3
 Frozen Ramparts          Ice            20%        1d4       19%         3
 Hailstorm                Conj/Ice       11%        3d5       19%         3
 Sigil of Binding         Hex            10%        N/A       19%         3
 Dimensional Bullseye     Hex/Tloc       6%         N/A       45%         4
 Cause Fear               Hex            5%         N/A       54%         4
 Leda's Liquefaction      Hex/Erth       5%         N/A       54%         4
 Olgreb's Toxic Radiance  Pois           10%        N/A       54%         4
 Petrify                  Tmut/Erth      10%        N/A       54%         4
 Metabolic Englaciation   Hex/Ice        5%         N/A       87%         5
 Enfeeble                 Hex            5%         N/A       100%        7


Dungeon Overview and Level Annotations

Branches:
Dungeon (9/15)             Temple (0/1) D:7            Lair (0/5) D:9
Ossuary (visited)
    Orc: D:9-12

Altars:
Sif Muna
Yredelemnul

Shops:
D:8 *

Annotations:
D:4 Menkaure
D:7 3 runed translucent doors, kae's ghost, novice HOFi


Innate Abilities, Weirdness & Mutations

You are immune to poison.
Your flesh is cold resistant. (rC+)
You are immune to negative energy. (rN+++)
You are immune to unholy pain and torment.
You are vulnerable to heat. (rF-)
You are in touch with the powers of death.
You do not drink.
You have a special connection with the divine. (Faith)


Message History

You feel a surge of power!
You draw life force from the troll!
You feel life coursing into your body!
Your attacks no longer feel as feeble.
The troll barely misses you. The troll completely misses you.
The troll closely misses you.
You closely miss the troll.
The troll is severely wounded.
The troll misses you. The troll completely misses you. The troll claws you!
You hit the troll but do no damage.
The troll is severely wounded.
The troll bites you! The troll misses you. The troll claws you.
You hit the troll.
The troll is severely wounded.
You closely miss the troll.
The troll is severely wounded.
The troll bites you. The troll claws you! The troll barely misses you.
The troll attacks as it pursues you! The troll closely misses you.
The troll barely misses you. The troll claws you.
* * * LOW HITPOINT WARNING * * *
Things that are here:
a +0 trident; 3 poisoned darts; a +0 chain mail The troll attacks as it pursues you!
The troll misses you. The troll closely misses you.
The troll barely misses you.
Things that are here:
a killer bee corpse; a killer bee corpse
Casting: Vampiric Draining (safe; 1% risk of failure)
Confirm with . or Enter, or press ? or * to list all spells.
You don't have enough magic to cast this spell.
Aiming: Necrotise (safe; 1% risk of failure)
Press: ? - help, Q - select action, (/) - cycle Shift-Dir - straight line, f/p - troll
Aim: a troll (heavily wounded, chance to affect: 83%)
Okay, then.
The troll attacks as it pursues you! The troll bites you!
* * * LOW HITPOINT WARNING * * *
The troll claws you.
* * * LOW HITPOINT WARNING * * *
The troll claws you.
* * * LOW HITPOINT WARNING * * *
The troll attacks as it pursues you! The troll misses you. The troll claws you!
You die...

.#.####.......## ##..######
#...####.....## ##.#
.....####...## #.# ......# ##+#
#.# ......# #.# #.#
......####.#### #.#
.....###......# #.# #######
#...........#.#######.####.....##
##.#####.......T@....)...........
...# #..###.###..#..###.###..#.
#### #..##.o## ##...##..Z..##...
#..##.### ##.##....#..##..
#.##.## ###..#..##..##. #.#†##
#..##.)# #..#. #.#.# #.#
#.#[....#. #..)# #......###......
#.#.# #.#.... ###.#.


You could see a troll.

Vanquished Creatures
  A meliai (D:9)
  A wyvern (D:9)
  2 water moccasins
  A black bear (D:5)
  5 orc warriors
  3 sky beasts
  An ice beast (D:7)
  2 centaurs
  2 ogres
  A phantom (D:5)
  A kobold brigand (D:7)
  2 bullfrogs
  A gnoll sergeant (D:8)
  10 scorpions
  3 wights (D:7)
  6 killer bees (D:9)
  4 howler monkeys
  4 centaur zombies (Ossuary)
  4 gnoll boudas
  6 orc priests
  4 hounds
  4 sleepcaps
  A scorpion zombie (Ossuary)
  4 iguanas
  5 orc wizards
  4 mummies
  Robin (D:3)
  16 gnolls
  8 adders
  4 worms (D:2)
  3 dart slugs
  28 orcs
  7 ball pythons
  3 endoplasms
  2 giant cockroaches
  A gnoll zombie (Ossuary)
  10 hobgoblins
  3 kobolds (D:7)
  3 quokkas
  11 bats
  3 frilled lizards
  12 goblins
  A goblin zombie (Ossuary)
  5 hobgoblin zombies (Ossuary)
  5 kobold zombies (Ossuary)
  4 orc zombies (Ossuary)
  6 rats
218 creatures vanquished.

Vanquished Creatures (collateral kills)
  A centaur (D:9)
  A jelly (D:4)
  A gnoll (D:8)
  3 orcs
  2 endoplasms
  2 giant cockroaches
  2 goblins
  A ball python (D:2)
  A frilled lizard (D:2)
  A kobold (D:7)
  2 rats
17 creatures vanquished.

Grand Total: 235 creatures vanquished

Notes
Turn   | Place    | Note
-------+----------+-------------------------------------------
     0 | D:1      | dohliylev the Mummy Necromancer began the quest for the
                  | Orb.
     0 | D:1      | Reached XP level 1. HP: 13/13 MP: 4/4
   207 | D:1      | Reached XP level 2. HP: 19/19 MP: 3/5
   370 | D:1      | Reached skill level 3 in Spellcasting
   946 | D:2      | Reached XP level 3. HP: 22/24 MP: 0/7
  1022 | D:2      | Learned a level 3 spell: Vampiric Draining
  1247 | D:2      | Reached skill level 5 in Necromancy
  1247 | D:2      | Reached XP level 4. HP: 29/30 MP: 3/9
  1333 | D:2      | Reached skill level 4 in Spellcasting
  1649 | D:2      | Learned a level 4 spell: Animate Dead
  3116 | D:3      | Noticed Robin
  3130 | D:3      | Reached XP level 5. HP: 21/35 MP: 2/11
  3240 | D:3      | Killed Robin
  3430 | D:3      | Reached skill level 5 in Spellcasting
  3575 | D:3      | Learned a level 5 spell: Agony
  3662 | D:4      | Noticed an ogre
  3678 | D:4      | Reached XP level 6. HP: 41/41 MP: 2/14
  3870 | D:4      | Reached skill level 6 in Spellcasting
  4027 | D:4      | Found a sand-covered staircase.
  4081 | Ossuary  | Entered an ossuary
  4139 | Ossuary  | Reached XP level 7. HP: 46/46 MP: 13/17
  4481 | Ossuary  | Reached skill level 7 in Spellcasting
  5799 | Ossuary  | Reached XP level 8. HP: 35/52 MP: 6/19
  6305 | D:4      | Reached skill level 8 in Spellcasting
  6585 | D:4      | Noticed Menkaure
  6626 | D:5      | Entered Level 5 of the Dungeon
  6981 | D:5      | Found a shimmering blue altar of Sif Muna.
  6995 | D:5      | Became a worshipper of Sif Muna the Loreminder
  7153 | D:5      | Learned a level 3 spell: Gell's Gravitas
  7666 | D:5      | Reached skill level 9 in Spellcasting
  8398 | D:4      | Reached XP level 9. HP: 40/57 MP: 22/22
  8402 | D:4      | Learned a level 3 spell: Teleport Other
  8650 | D:6      | Learned a level 1 spell: Magic Dart
  8653 | D:6      | Learned a level 2 spell: Call Imp
  8657 | D:6      | Learned a level 3 spell: Mephitic Cloud
  8750 | D:6      | Found a basalt altar of Yredelemnul.
  8850 | D:6      | Reached * piety under Sif Muna
  9905 | D:7      | Found a staircase to the Ecumenical Temple.
 10413 | D:7      | Reached skill level 10 in Spellcasting
 10461 | D:7      | Found a runed translucent gate.
 10462 | D:7      | Found a runed translucent gate.
 10468 | D:7      | Found a runed translucent gate.
 10468 | D:7      | Noticed kae's ghost (novice HOFi)
 10804 | D:7      | Reached skill level 1 in Summonings
 10892 | D:7      | Reached ** piety under Sif Muna
 11528 | D:8      | Reached skill level 1 in Translocations
 11805 | D:8      | Found Ywnumaefi's Gadget Gallery.
 11861 | D:8      | Reached skill level 11 in Spellcasting
 12319 | D:9      | Found a staircase to the Lair.
 12347 | D:9      | Noticed a meliai
 12359 | D:9      | Killed a meliai
 12363 | D:9      | Reached XP level 10. HP: 24/63 MP: 9/25
 12866 | D:9      | Reached skill level 12 in Spellcasting
 12956 | D:9      | Reached skill level 10 in Necromancy
 13015 | D:9      | Slain by a troll

Illustrated notes

Levels and vault maps discovered:
D:1:      saegor_arrival_fortress, layout_loops_ring,
          nicolae_figureground_sparkle
D:2:      layout_basic, dreamdust_princess_corridor, minmay_3d_cube
D:3:      layout_loops_corners, uniq_robin
D:4:      layout_cave_pools, gup_ossuary_entry_pyramid, uniq_menkaure
D:5:      layout_basic, kennysheep_orc_sif_temple, st_stairs_8,
          due_unseen_surprise
D:6:      layout_loops_ring, yredelemnul_altar_generic
D:7:      layout_loops_ring, mainiacjoe_overflow_surrounded_room, temple_hall,
          biasface_ghost_orc_armoury
D:8:      layout_basic, nicolae_shop_gadgets
D:9:      minmay_the_grid_octo_2x2 [minmay_the_grid_octo_focus,
          minmay_the_grid_octo_checkerflower, minmay_the_grid_octo_pinwheel,
          minmay_the_grid_octo_prize_single_spiral], layout_loops_corners,
          kennysheep_slug_shrine

Skill      XL: |  1  2  3  4  5  6  7  8  9 10 |
---------------+-------------------------------+-----
Spellcasting   | 3 4 5 6 7 9 11 12 | 12.2
Necromancy     | 5 6 7 8 9 10 | 10.0
Dodging        | 2 3 4 |  4.4
Stealth        | 2 3 |  3.2
Summonings     | 1 |  1.5
Translocations | 1 |  1.2

Action                     |  1- 3 |  4- 6 |  7- 9 | 10-12 || total
---------------------------+-------+-------+-------+-------++-------
  Melee: Unarmed           |     9 |    14 |   674 |       ||   697
         Punch             |       |     1 |    15 |       ||    16
         Dagger            |       |       |   163 |    47 ||   210
   Cast: Necrotise         |    41 |   135 |   247 |    41 ||   464
         Vampiric Draining |     1 |     4 |    42 |    14 ||    61
         Animate Dead      |       |     2 |     2 |       ||     4
         Gell's Gravitas   |       |       |    12 |       ||    12
         Agony             |       |       |     4 |       ||     4
         Call Imp          |       |       |    31 |       ||    31
         Teleport Other    |       |       |    12 |       ||    12
         Magic Dart        |       |       |     5 |       ||     5
  Evoke: Wand              |       |       |     4 |       ||     4
    Use: Scroll            |       |     6 |     5 |       ||    11
   Stab: Sleeping          |       |     1 |     5 |       ||     6
         Distracted        |       |       |     2 |       ||     2
         Paralysed         |       |       |    14 |       ||    14
 Armour: Robe              |    14 |    18 |   496 |    39 ||   567
  Dodge: Dodged            |    44 |    52 |   812 |    90 ||   998

Table legend: (Time is in decaauts)
 A = Elapsed time spent in this place.
 B = Non-inter-level travel time spent in this place.
 C = Inter-level travel time spent in this place.
 D = Time resting spent in this place.
 E = Time spent auto-exploring this place.
 F = Levels seen in this place.
 G = Mean time per level.
                   A        B        C        D        E       F      G
               +--------+--------+--------+--------+--------+-----+--------+
         Total |  12947 |  12453 |    494 |   3751 |   4290 |  10 | 1294.7 |
       Dungeon |  10826 |  10332 |    494 |   2679 |   4231 |   9 | 1202.9 |
       Ossuary |   2120 |   2120 |      0 |   1072 |     59 |   1 | 2120.0 |
               +--------+--------+--------+--------+--------+-----+--------+

Top non-repeatable levels by time:
 Ossuary: 2120 daAuts
     D:5: 2011 daAuts
     D:2: 1706 daAuts
     D:7: 1441 daAuts
     D:4: 1166 daAuts
     D:8: 1000 daAuts
     D:3: 989 daAuts
     D:1: 905 daAuts
     D:6: 901 daAuts
     D:9: 705 daAuts
